AoeStats
← Wilypf

Arabia

510418824Analyzed
2v2 RM · 21h ago on Sep 30, 2026· 30m 32s· 4 players
Game mode
Random Map
Map size
Medium (4 player)
Population
200
Speed
Normal
Resources
Standard
Victory
Conquest
Starting age
Dark Age
Ending age
Imperial Age
RankedLock teamsTeams togetherTeam positionsShared explorationLock speedFull tech treeHidden civsTurbo modeCheats
Victory
Defeat
🇪🇨 Mongols · Ecuador
753
+18
🇲🇽 Persians · Mexico
742
+16
🇦🇷 Celts · Argentina
758
-17
🇦🇷 Portuguese · Argentina
732
-33
brand2n7983
7:35 Loom
12:09 Feudal Age
12:39 Horse Collar
12:45 Double-Bit Axe
13:38 Wheelbarrow
14:46 Gold Mining
16:21 Padded Archer Armor
16:12 Fletching
18:37 Scale Barding Armor
18:56 Town Watch
25:14 Forging
Metegol de paro
7:51 Loom
9:49 Feudal Age
19:34 Castle Age
20:03 Forging
20:38 Double-Bit Axe
Wilypf
3:52 Loom
10:34 Feudal Age
15:49 Castle Age
14:50 Double-Bit Axe
14:59 Gold Mining
16:07 Fletching
22:25 Thumb Ring
28:27 Bow Saw
28:27 Town Watch
29:31 Stone Mining
robertok1904
6:51 Loom
11:06 Feudal Age
11:50 Double-Bit Axe
20:04 Horse Collar
22:31 Castle Age
25:45 Bow Saw
26:41 Scale Barding Armor
Connection lost

Rejoining the realm…

Still unreachable

The connection could not be restored.

Session expired

The server has moved on; the page needs a fresh start.